 Dungeon Crawl Stone Soup version 0.27.1-33-g824d729ab1 (webtiles) character file.

Game seed: 4855350665772769790

4 MisterFreud the Skirmisher (level 1, 0/19 HPs)
             Began as a Hill Orc Abyssal Knight on Dec 15, 2021.
             Was an Initiate of Lugonu.
             Slain by a quokka (4 damage)
             ... on level 1 of the Dungeon.
             The game lasted 00:00:29 (302 turns).

MisterFreud the Skirmisher (Hill Orc Abyssal Knight) Turns: 302, Time: 00:00:30

Health: 0/19       AC:  3    Str: 14    XL:     1   Next: 70%
Magic:  2/2        EV: 11    Int: 12    God:    Lugonu [......]
Gold:   19         SH:  0    Dex: 10    Spells: 0/0 levels left

rFire    . . .     SeeInvis +   a - +1 hand axe
rCold    . . .     Faith    .   (no shield)
rNeg     . . .     Spirit   .   b - +0 leather armour
rPois    .         Reflect  .   (no helmet)
rElec    .         Harm     .   (no cloak)
rCorr    .         Rampage  .   (no gloves)
Will     .....                  (no boots)
Stlth    +.........             (no amulet)
HPRegen  0.06/turn              c - ring of see invisible
MPRegen  0.08/turn              (no ring)

@: no status effects
A: no striking features
a: Renounce Religion


You were on level 1 of the Dungeon.
You worshipped Lugonu.
Lugonu was noncommittal.
You visited 1 branch of the dungeon, and saw 1 of its levels.
You visited the Abyss 1 time.

You collected 19 gold pieces.

Inventory:

Hand Weapons
 a - a +1 hand axe (weapon)
Missiles
 d - 15 poisoned darts (quivered)
Armour
 b - a +0 leather armour (worn)
Jewellery
 c - a ring of see invisible (left hand)
Scrolls
 e - 2 scrolls of identify {unknown}
Potions
 f - a potion of lignification {unknown}


   Skills:
 - Level 3.6 Fighting
 + Level 3.3 Axes
 - Level 2.1 Armour
 - Level 0.7 Dodging
 - Level 2.4 Invocations


You couldn't memorise any spells.
You didn't know any spells.
Your spell library was empty.

Dungeon Overview and Level Annotations

Branches:
Dungeon (1/15)

Altars:


Message History

The quokka bites you. The ball python barely misses you.
The ball python closely misses you.
The quokka bites you but does no damage.
There are monsters nearby!
You barely miss the ball python. You hit the quokka.
The ball python bites you but does no damage.
The ball python grabs you. The ball python constricts you.
The quokka bites you. The ball python barely misses you.
The ball python constricts you.
Unknown command.
You hit the ball python.
You kill the ball python!
Lugonu accepts your kill.
You hit the quokka. The quokka closely misses you.
Unknown command.
You closely miss the quokka.
The quokka is severely wounded.
The quokka bites you. x2
Unknown command.
You are too injured to fight recklessly!
You are too injured to fight recklessly!
Unknown command.
You are too injured to fight recklessly!
Unknown command.
You are too injured to fight recklessly!
Unknown command.
You are too injured to fight recklessly!
You are too injured to fight recklessly!
You closely miss the quokka.
The quokka is severely wounded.
The quokka bites you.
You closely miss the quokka.
The quokka is severely wounded.
The quokka barely misses you.
You hit the quokka.
The quokka is almost dead.
The quokka bites you.
* * * LOW HITPOINT WARNING * * *
The quokka bites you.
You die...

#.# ##. #.# .# ##
#...>.# .#... #..##.#
##.#.# #..##.# .....#
#..##.# .....#
#..##.######.....#
#..#.............#
#.....##...@r?...#
##.#.###.#####.###
#)#.# #.# #.#.# #.#
#.#.# #.# #.#.###.#
#. #.....#.## #.##
#.#.#....###.#...
#.#.........###.#####
##


You could see a quokka.

Vanquished Creatures
  An endoplasm (D:1)
  A goblin (D:1)
  A ball python (D:1)
  2 rats (D:1)
5 creatures vanquished.

Notes
Turn   | Place    | Note
-------+----------+-------------------------------------------
     0 | Abyss:1  | MisterFreud the Hill Orc Abyssal Knight began the quest for
                  | the Orb.
     0 | Abyss:1  | Reached XP level 1. HP: 19/19 MP: 2/2
    84 | Abyss:1  | Noticed an orange demon
    84 | Abyss:1  | Noticed an iron imp
    85 | D:1      | Escaped the Abyss
   302 | D:1      | Slain by a quokka

Illustrated notes

Levels and vault maps discovered:
D:1:      mrwooster_arrival_statue_3, layout_loops_ring

Skill      XL: |  1 |
---------------+----+-----
Axes           | 3 |  3.3
Fighting       | |  3.6
Armour         | |  2.1
Dodging        | |  0.7
Invocations    | |  2.4

Action                   || total
-------------------------++-------
Melee: Hand axe          ||    20
Invok: Depart the Abyss  ||     1
Armor: Leather armour    ||     8
Dodge: Dodged            ||    10
